 Dungeon Crawl Stone Soup version 0.30-a0-920-g7493c07aab (webtiles) character file.

Game seed: 15732519456789206851

7144 Dirtsage the Cleaver (level 10, 0/71 HPs)
             Began as a Demonspawn Berserker on Mar 21, 2023.
             Was an Elder of Trog.
             Succumbed to a gnoll's poison
             ... on level 9 of the Dungeon.
             The game lasted 00:14:45 (8870 turns).

Dirtsage the Cleaver (Demonspawn Berserker)         Turns: 8870, Time: 00:14:45

Health: 0/71       AC: 14    Str: 23    XL:     10   Next: 85%
Magic:  6/10       EV: 11    Int:  8    God:    Trog [****..]
Gold:   241        SH:  0    Dex: 12    Spells: 9/9 levels left

rFire   + . .      SeeInvis .    r - +0 battleaxe (chaos)
rCold   + . .      Faith    .    (shield currently unavailable)
rNeg    . . .      Spirit   +    h - +4 scale mail {rC+}
rPois   .          Reflect  .    (helmet restricted)
rElec   .          Rampage  .    (no cloak)
rCorr   .                        (no gloves)
Will    .....                    (no boots) Stlth
                                 b - amulet of guardian spirit
HPRegen 0.31/turn                (no ring)
MPRegen 0.24/turn                (no ring)

@: lethally poisoned (0 -> -3), on berserk cooldown, slowed, very slow
A: antennae 2, molten scales 3, demonic guardian 1, magic regeneration
a: Renounce Religion, Berserk, Trog's Hand, Brothers in Arms


You were on level 9 of the Dungeon.
You worshipped Trog.
Trog was greatly pleased with you.
You visited 2 branches of the dungeon, and saw 10 of its levels.
You also visited: Sewer.

You collected 588 gold pieces.
You spent 347 gold pieces at shops.

Inventory:

Hand Weapons
 r - a +0 battleaxe of chaos (weapon)
 v - a +0 war axe
Missiles
 G - 5 curare-tipped darts (quivered)
Armour
 h - a +4 scale mail of cold resistance (worn)
 o - a +0 scale mail of fire resistance
 A - a +1 scale mail of poison resistance
Jewellery
 b - an amulet of guardian spirit (around neck)
Wands
 e - a wand of paralysis (12)
 C - a wand of mindburst (11)
 D - a wand of digging (6)
 H - a wand of iceblast (3)
Scrolls
 a - 2 scrolls of butterflies
 i - a scroll of identify
 k - 2 scrolls of fog
 n - a scroll of silence
 s - a scroll of immolation
 u - a scroll of enchant weapon
 x - 2 scrolls of torment
 y - 2 scrolls of poison
 B - a scroll of blinking
 E - 2 scrolls of magic mapping
Potions
 c - 2 potions of mutation {unknown}
 d - 2 potions of might {unknown}
 f - 2 potions of flight
 g - 2 potions of haste {unknown}
 j - 3 potions of brilliance {unknown}
 l - 4 potions of heal wounds
 m - 2 potions of berserk rage {unknown}
 p - 2 potions of degeneration {unknown}
 q - 5 potions of curing
 w - 3 potions of resistance {unknown}
 z - a potion of lignification
 F - a potion of cancellation {unknown}


   Skills:
 + Level 4.1 Fighting
 * Level 14.7 Axes
 + Level 3.0 Armour
 + Level 3.0 Dodging


You had 9 spell levels left.
You didn't know any spells.
Your spell library contained the following spells:

 Spells                   Type           Power      Damage    Failure   Level
 Gell's Gravitas          Tloc           0%         N/A       97%         3
 Teleport Other           Tloc           0%         N/A       97%         3
 Animate Dead             Necr           0%         N/A       100%        4
 Dispersal                Tloc           0%         N/A       100%        6
 Haunt                    Necr/Summ      0%         N/A       100%        7
 Infestation              Necr           0%         N/A       100%        8


Dungeon Overview and Level Annotations

Branches:
Dungeon (9/15)             Temple (1/1) D:7           Sewer (visited)
   Lair: D:8-11         Orc: D:9-12

Altars:
Ashenzari
Cheibriados
Dithmenos
Fedhas
Gozag
Hepliaklqana
Kikubaaqudgha
Makhleb
Nemelex Xobeh
Okawaru
Qazlal
Ru
Sif Muna
Trog
Uskayaw
Vehumet
Wu Jian
Xom
Yredelemnul

Shops:
D:1 *   D:5 :[(!   D:8 ?


Innate Abilities, Weirdness & Mutations

You have a pair of antennae on your head.
You are completely covered in molten scales. (AC +4, rF+)
A weak demonic guardian rushes to your aid.
You regenerate magic rapidly.


Message History

You take 2 damage, and have 13/71 hp.
You hit the gnoll. You freeze the gnoll.
The gnoll is severely wounded.
You feel sick.
Your ufetubus hits the gnoll.
The gnoll dies!
Trog accepts your kill. The gnoll closely misses you.
Your ufetubus hits the gnoll.
The gnoll dies!
Trog accepts your kill. The gnoll hits you but does no damage.
You are more poisoned.
You feel very sick.
Your ufetubus hits the gnoll.
Your ufetubus barely misses the gnoll.
The gnoll hits you with a +1 spear of venom.
* * * LOW HITPOINT WARNING * * *
You are more poisoned.
Your ufetubus barely misses the gnoll.
Your ufetubus hits the gnoll but does no damage.
Things that are here:
a +0 flail; a +0 flail You take 3 damage, and have 10/71 hp.
You now have 4/10 mp.
You slash the gnoll!
You kill the gnoll!
Trog accepts your kill.
You feel the effects of Trog's Hand fading.
* * * LOW HITPOINT WARNING * * *
You feel very sick.
You take 4 damage, and have 6/71 hp.
* * * LOW HITPOINT WARNING * * *
You feel very sick.
You take 2 damage, and have 4/71 hp.
* * * LOW HITPOINT WARNING * * *
You feel very sick.
You take 2 damage, and have 2/71 hp.
You feel sick.
Your skin stops crawling.
You feel less strong-willed.
* * * LOW HITPOINT WARNING * * *
You feel sick.
You take 1 damage, and have 1/71 hp.
You die...

#.#.# ##)..## #.#.#
##<†# #.#.# #†.#
##.#)########..#
#######...)..........##
...........##..........
#######.....#######.)###
........5...# #..##^
.......@....# #..##(
#######..##.# .....≈
#..##... #####.^ #..#
#### ... #..# ... #..#
..^ #.?# #.≈ #..# ..^ #


You could see a friendly ufetubus (summoned).

Vanquished Creatures
  Erica (D:8)
  A two-headed ogre (D:9)
  Pikel (D:8)
  Maggie (D:8)
  A kobold demonologist (D:8)
  A wyvern (D:8)
  6 yaks (D:9)
  4 water moccasins
  A sky beast (D:8)
  A black bear (D:6)
  2 ice beasts
  An orc warrior (D:5)
  A lemure (D:8)
  16 kobold brigands
  A bullfrog (D:7)
  A gnoll sergeant (D:9)
  3 scorpions
  5 wights
  3 killer bees (D:9)
  A howler monkey (D:6)
  6 orc priests
  5 hounds
  A jelly (D:7)
  6 iguanas
  2 sleepcaps
  Terence (D:2)
  6 orc wizards
  A hell rat (Sewer)
  3 gnolls
  10 adders
  2 river rats (Sewer)
  A shadow imp (D:6)
  A white imp (D:6)
  An ufetubus (D:5)
  2 worms (D:4)
  4 dart slugs
  33 orcs
  6 bats
  8 endoplasms
  6 giant cockroaches
  3 hobgoblins
  3 jackals (D:3)
  6 ball pythons
  5 frilled lizards
  8 goblins
  27 kobolds
  9 rats
218 creatures vanquished.

Vanquished Creatures (collateral kills)
  Sigmund (D:2)
  A kobold brigand (D:8)
  3 gnolls
  A river rat (Sewer)
  An ufetubus (D:5)
  An orc (D:3)
  A goblin (D:1)
  A quokka (D:5)
10 creatures vanquished.

Grand Total: 228 creatures vanquished

Notes
Turn   | Place    | Note
-------+----------+-------------------------------------------
     0 | D:1      | Dirtsage the Demonspawn Berserker began the quest for the
                  | Orb.
     0 | D:1      | Reached XP level 1. HP: 18/18 MP: 1/1
     6 | D:1      | Noticed an iguana
     6 | D:1      | Noticed a black bear
     6 | D:1      | Noticed a water moccasin
     7 | D:1      | Noticed a scorpion
     7 | D:1      | Noticed a lindwurm
    95 | D:1      | Reached skill level 3 in Axes
   216 | D:1      | Gained mutation: You regenerate magic rapidly. [demonic
                  | ancestry]
   216 | D:1      | Reached XP level 2. HP: 24/24 MP: 2/2
   348 | D:1      | Found a faded altar of an unknown god.
   394 | D:1      | Found Iqalaop's General Store.
   525 | D:1      | Reached ** piety under Trog
   541 | D:1      | Gained mutation: A weak demonic guardian rushes to your
                  | aid. [demonic ancestry]
   541 | D:1      | Reached XP level 3. HP: 29/29 MP: 3/3
   972 | D:2      | Reached skill level 4 in Axes
  1206 | D:2      | Noticed Terence
  1217 | D:2      | Killed Terence
  1218 | D:2      | Gained mutation: You have a pair of small antennae on your
                  | head. [demonic ancestry]
  1218 | D:2      | Reached XP level 4. HP: 29/35 MP: 4/4
  2155 | D:2      | Noticed Sigmund
  2166 | D:2      | Killed Sigmund
  2167 | D:2      | Reached skill level 6 in Axes
  2167 | D:2      | Reached XP level 5. HP: 41/41 MP: 5/5
  2401 | D:3      | Gained mutation: You are partially covered in molten
                  | scales. (AC +2) [demonic ancestry]
  2401 | D:3      | Reached XP level 6. HP: 44/47 MP: 6/6
  3395 | D:4      | Reached skill level 7 in Axes
  3877 | D:4      | Reached *** piety under Trog
  3883 | D:4      | Found a glowing drain.
  3887 | Sewer    | Entered a sewer
  3901 | Sewer    | Gained mutation: You are mostly covered in molten scales.
                  | (AC +3) [demonic ancestry]
  3901 | Sewer    | Reached XP level 7. HP: 46/52 MP: 5/7
  4089 | D:4      | Identified the +5 spear "Xolufawn" {holy, Str+3}
  4351 | D:5      | Entered Level 5 of the Dungeon
  4574 | D:5      | Reached skill level 8 in Axes
  5032 | D:5      | Reached skill level 9 in Axes
  5032 | D:5      | Gained mutation: You have a pair of antennae on your head.
                  | [demonic ancestry]
  5032 | D:5      | Reached XP level 8. HP: 58/58 MP: 8/8
  5130 | D:5      | Found Vebboj's Distillery.
  5133 | D:5      | Bought a potion of flight for 33 gold pieces
  5133 | D:5      | Bought a potion of curing for 33 gold pieces
  5133 | D:5      | Bought 2 potions of heal wounds for 110 gold pieces
  5133 | D:5      | Bought a potion of lignification for 33 gold pieces
  5238 | D:5      | Found Egriyn's Armour Shop.
  5347 | D:5      | Found Zosmeim's Book Shoppe.
  5394 | D:5      | Found Jessupta's Weapon Shoppe.
  5506 | D:6      | Found a shimmering blue altar of Sif Muna.
  5521 | D:6      | Reached skill level 10 in Axes
  5680 | D:6      | Reached **** piety under Trog
  5922 | D:6      | Reached skill level 11 in Axes
  6061 | D:6      | Gained mutation: You are completely covered in molten
                  | scales. (AC +4, rF+) [demonic ancestry]
  6061 | D:6      | Reached XP level 9. HP: 43/63 MP: 6/9
  6420 | D:6      | Found a basalt altar of Yredelemnul.
  6519 | D:6      | Identified the +1 robe of Divine Intervention {Harm Will+}
  7510 | D:7      | Found a staircase to the Ecumenical Temple.
  7516 | Temple   | Entered the Ecumenical Temple
  7653 | D:8      | Noticed Erica
  7668 | D:8      | Killed Erica
  7669 | D:8      | Reached skill level 12 in Axes
  7774 | D:8      | Found Dunlikue's Magic Scroll Emporium.
  7783 | D:8      | Bought a scroll of identify for 24 gold pieces
  7783 | D:8      | Bought a scroll of identify for 24 gold pieces
  7783 | D:8      | Bought a scroll of blinking for 90 gold pieces
  7861 | D:8      | Noticed a kobold demonologist
  7864 | D:8      | Noticed a smoke demon
  7875 | D:8      | Reached skill level 13 in Axes
  7875 | D:8      | Noticed a soul eater
  7878 | D:8      | Noticed a sixfirhy
  7889 | D:8      | Killed a kobold demonologist
  7892 | D:8      | Reached XP level 10. HP: 56/70 MP: 8/10
  8150 | D:8      | Noticed Maggie
  8157 | D:8      | Killed Maggie
  8158 | D:8      | Reached skill level 14 in Axes
  8315 | D:8      | Noticed Pikel
  8324 | D:8      | Killed Pikel
  8447 | D:8      | Found a shimmering altar of Xom.
  8447 | D:8      | Found a burning altar of Makhleb.
  8464 | D:8      | Found a sparkling altar of Nemelex Xobeh.
  8778 | D:9      | Found a stormy altar of Qazlal.
  8810 | D:9      | Noticed a two-headed ogre
  8825 | D:9      | Killed a two-headed ogre
  8867 | D:9      | HP: 2/71 [poisoned by a gnoll]
  8870 | D:9      | Succumbed to a gnoll's poison

Illustrated notes

Levels and vault maps discovered:
D:1:      onia_arrival_zoo_common, layout_loops_corners, serial_shops,
          nicolae_shop_trees, hellmonk_ecumenical_altar_defaced_shrine,
          serial_park_tiny_2
D:2:      layout_basic, uniq_terence, uniq_sigmund
D:3:      layout_loops_cross
D:4:      layout_loops_corners, gup_sewer_entry_bowl
D:5:      layout_gridville, serial_shops, nicolae_shop_advertising_works
          [nicolae_subvault_shop_adworks], kennysheep_mini_moat,
          nicolae_shop_window_shopping, nicolae_shop_behind_doors
D:6:      layout_basic, kennysheep_ying_yang, minmay_ruined_shrine
D:7:      layout_loops_corners, minmay_temple_entry_fiery,
          minmay_misc_feat_tower, hangedman_decor_growths,
          minmay_misc_feat_square
D:8:      layout_rooms, grunt_temple_overflow_cloverleaf, serial_shops,
          shop_fountains, special_room [special_room_kobold], uniq_erica,
          uniq_maggie, uniq_pikel
D:9:      layout_loops_ring, grunt_qazlal_sundering, lair_entry_dummy,
          david_orc_2, special_room [special_room_bee],
          chequers_serial_rivers_micro_b, serial_park_tiny_1
Temple:   hellmonk_temple_two_chambers

Skill      XL: |  1  2  3  4  5  6  7  8  9 10 |
---------------+-------------------------------+-----
Axes           | 3 4 6 7 9 11 13 14 | 14.7
Armour         | 3 |  3.0
Dodging        | 3 |  3.0
Fighting       | 4 |  4.1

Action                     |  1- 3 |  4- 6 |  7- 9 | 10-12 || total
---------------------------+-------+-------+-------+-------++-------
  Melee: Hand axe          |   107 |   197 |       |       ||   304
         Punch             |     1 |     4 |     1 |       ||     6
         War axe           |       |    35 |   151 |       ||   186
         Battleaxe         |       |       |   125 |   144 ||   269
 Invoke: Berserk           |     3 |     2 |     6 |     5 ||    16
         Trog's Hand       |       |       |     1 |     1 ||     2
    Use: Scroll            |       |       |    11 |     1 ||    12
         Potion            |       |       |       |     1 ||     1
   Stab: Sleeping          |     3 |       |       |       ||     3
         Distracted        |       |       |     1 |       ||     1
 Armour: Animal skin       |    17 |       |       |       ||    17
         Scale mail        |       |    90 |   152 |    79 ||   321
  Dodge: Dodged            |    60 |   106 |   152 |    90 ||   408

Table legend: (Time is in decaauts)
 A = Elapsed time spent in this place.
 B = Non-inter-level travel time spent in this place.
 C = Inter-level travel time spent in this place.
 D = Time resting spent in this place.
 E = Time spent auto-exploring this place.
 F = Levels seen in this place.
 G = Mean time per level.
                   A        B        C        D        E       F      G
               +--------+--------+--------+--------+--------+-----+--------+
         Total |   9046 |   8587 |    459 |    614 |   6433 |  11 |  822.4 |
       Dungeon |   8840 |   8385 |    455 |    540 |   6379 |   9 |  982.2 |
        Temple |     20 |     16 |      4 |      0 |     10 |   1 |   20.0 |
         Sewer |    185 |    185 |      0 |     74 |     44 |   1 |  185.0 |
               +--------+--------+--------+--------+--------+-----+--------+

Top non-repeatable levels by time:
     D:2: 1429 daAuts
     D:5: 1160 daAuts
     D:7: 1159 daAuts
     D:6: 1129 daAuts
     D:4: 1003 daAuts
     D:1: 971 daAuts
     D:8: 919 daAuts
     D:3: 848 daAuts
     D:9: 218 daAuts
   Sewer: 185 daAuts
  Temple: 20 daAuts
